 Dungeon Crawl Stone Soup version 0.21-a0-513-gdcb3f5e (webtiles) character file.

72032 tsouns the Black Belt (level 15, -1/181 HPs)
             Began as a Demonspawn Assassin on Dec 1, 2017.
             Was the Champion of Wu Jian.
             Slain by a white ugly thing (19 damage)
             ... on level 14 of the Dungeon on Dec 2, 2017.
             The game lasted 01:22:37 (26265 turns).

tsouns the Black Belt (Demonspawn Assassin)        Turns: 26265, Time: 01:22:39

Health: -1/181     AC: 13    Str: 23    XL:     15   Next: 0%
Magic:  23/23      EV: 23    Int: 18    God:    Wu Jian [******]
Gold:   1316       SH:  0    Dex: 20    Spells: 16/25 levels left

rFire    . . .     SeeInvis .     - Unarmed
rCold    . . .     Gourm    .   (no shield)
rNeg     + . .     Faith    .   D - +3 ring mail of the Swan {rElec MR+ rCorr Int+2}
rPois    .         Spirit   .   R - +2 hat {MR+}
rElec    +         Reflect  .   G - +2 cloak
rCorr    +         Harm     .   (gloves unavailable)
MR       ++++.                  (no boots)
Stlth    ..........             K - amulet of rage
HPRegen  0.40/turn              j - ring of protection from magic
MPRegen  0.18/turn              y - +4 ring of strength

@: agile, berserking, very slightly contaminated, studying Shields, very quick
A: claws 3, negative energy resistance 1, nightstalker 1, powered by pain 2, 50%
torment resistance
a: Serpent's Lash, Heavenly Storm, Renounce Religion, Evoke Berserk Rage


You were on level 14 of the Dungeon.
You worshipped Wu Jian.
Wu Jian was exalted by your worship.
You were not hungry.

You visited 2 branches of the dungeon, and saw 20 of its levels.

You collected 1577 gold pieces.
You spent 261 gold pieces at shops.

Inventory:

Hand Weapons
 b - a +0 blowgun
 n - a +1 dagger of draining
 o - a +3 dagger of venom
Missiles
 e - 74 poisoned needles
 f - 4 curare-tipped needles
 S - 7 javelins of penetration (quivered)
Armour
 D - the +3 ring mail of the Swan (worn) {rElec MR+ rCorr Int+2}
   (You bought it in a shop on level 11 of the Dungeon)

   It affects your intelligence (+2).
   It insulates you from electricity.
   It affects your resistance to hostile enchantments.
   It protects you from acid and corrosion.
 G - a +2 cloak (worn)
 I - +0 acid dragon scales
 R - a +2 hat of magic resistance (worn)
Jewellery
 j - a ring of protection from magic (left claw)
 y - a +4 ring of strength (right claw)
 K - an amulet of rage (around neck)
 O - an uncursed ring of protection from fire
Wands
 c - a wand of flame (26)
 g - a wand of paralysis (35)
 q - a wand of acid (10)
 z - a wand of clouds (2)
 F - a wand of disintegration (15)
 H - a wand of polymorph (13)
 N - a wand of digging (28)
 T - a wand of scattershot (4)
Scrolls
 d - a scroll of amnesia
 h - a scroll of enchant armour
 i - 3 scrolls of magic mapping
 k - 11 scrolls of remove curse
 p - 3 scrolls of vulnerability
 t - a scroll of blinking
 x - 7 scrolls of teleportation
 A - a scroll of fear
 J - a scroll of enchant weapon
 M - a scroll of fog
 P - 5 scrolls of identify
Potions
 a - 2 potions of curing
 m - a potion of brilliance
 r - 3 potions of magic
 s - 3 potions of agility
 v - 2 potions of lignification
 B - 3 potions of flight
 C - 2 potions of might
 E - a potion of berserk rage
 L - a potion of resistance
 Q - 4 potions of heal wounds
 U - 3 potions of mutation
 Y - 2 potions of haste
Books
 w - a manual of Shields
 V - a book of Changes

   Spells                             Type                      Level
   a - Beastly Appendage              Transmutation                1
   b - Sticks to Snakes               Transmutation                2
   c - Spider Form                    Transmutation/Poison         3
   d - Ice Form                       Ice/Transmutation            4
   e - Blade Hands                    Transmutation                5
Miscellaneous
 W - a fan of gales
Comestibles
 l - 9 meat rations
 u - 12 bread rations


   Skills:
 + Level 12.2 Fighting
 - Level 2.1 Short Blades
 - Level 1.7 Throwing
 - Level 8.8 Dodging
 - Level 6.5 Stealth
 + Level 16.1 Unarmed Combat
 - Level 5.6 Spellcasting
 + Level 2.2 Transmutations
 - Level 9.0 Evocations


You had 16 spell levels left.
You knew the following spells:

 Your Spells              Type           Power        Failure   Level  Hunger
a - Animate Skeleton      Necr           N/A          21%         1    None
b - Call Imp              Summ           #.......     30%         2    None
c - Blade Hands           Tmut           ##........   92%         5    #####..
d - Beastly Appendage     Tmut           ##....       9%          1    None


Dungeon Overview and Level Annotations

Branches:
Dungeon (14/15)            Temple (0/1) D:7            Lair (6/6) D:10
  Swamp (0/4) Lair:3       Spider (0/4) Lair:4        Slime (0/5) Lair:6
    Orc (0/2) D:11         Vaults (0/5) D:13

Altars:
Ashenzari
Cheibriados
Fedhas
Nemelex Xobeh
Ru
Trog
Uskayaw
Wu Jian
Xom
Yredelemnul
Beogh

Shops:
D:11 [   D:13 (

Portals:
Trove: D:14 (give +7 demon blade)

Annotations:
D:2 exclusion: oklob plant
D:3 anything's ghost, weakling OgWz


Innate Abilities, Weirdness & Mutations

You have claws for hands.
You resist negative energy. (rN+)
You are slightly more attuned to the shadows.
You sometimes gain power by taking damage.
You are somewhat able to resist unholy torments (1 in 2 success).


Message History

You feel more agile all of a sudden.
Blink to where?
Press: ? - help, Dir - move target cursor You are very lightly contaminated with residual magic.
As you read the scroll of blinking, it crumbles to dust.
There is a stone staircase leading down here.
You open the door.
There is an open door here.
A red film seems to cover your vision as you go berserk!
You feel yourself moving faster!
You feel mighty!
The white ugly thing completely misses you.
You barely miss the white ugly thing. You mangle the white ugly thing!!
The white ugly thing is moderately wounded.
The white ugly thing claws you!
* * * LOW HITPOINT WARNING * * *
You focus on the pain.
You feel more agile all of a sudden. The white ugly thing freezes you!!
You die...

#########....##.####
#.......#....#..'...
#.......#..#.#..#...
#...... .####.##....#+####+
#.....#######.#............
#.....#.......#..##..#####.
#.....#.......'..##..# #.
#.....#.......#..##..# #.
#.....#...@...#..##..#####.
#.....##'##u###............
#....##..#......#'###'####.
#..#.'...#.######'###....#.
#..#.#...#....##...##....#.
#..#.#...#....#.....#....#.
#...>#####....##...#######.
#....# ##...#.....#.#####
#....# #.####...##.#....


You could see a white ugly thing.

Vanquished Creatures
  Gastronok (Lair:2)
  2 entropy weavers (Lair:6)
  A vault guard (D:13)
  Fannar (Lair:2)
  4 hydras
  A catoblepas (Lair:6)
  A death knight (D:12)
  Erica (Lair:2)
  6 two-headed ogres
  A deep troll shaman (Lair:6)
  8 death yaks (Lair:6)
  A tengu warrior (D:13)
  Urug (D:13)
  A queen ant (Lair:6)
  6 skeletal warriors
  2 unseen horrors (D:12)
  A phantasmal warrior (D:12)
  3 deep elf magi
  10 ugly things
  A manticore (D:13)
  Maurice (D:12)
  4 cyclopes
  4 elephants (Lair:6)
  6 black mambas
  13 spiny frogs
  5 gargoyles
  Psyche (D:11)
  A kobold demonologist (D:13)
  A rime drake (Lair:5)
  2 freezing wraiths
  3 komodo dragons
  2 ice devils (D:14)
  2 jumping spiders (Lair:4)
  2 tyrant leeches (Lair:3)
  A hornet (D:7)
  3 polar bears
  7 trolls
  8 hippogriffs
  6 dream sheep (Lair:6)
  A redback (Lair:4)
  A spriggan (D:11)
  40 yaks
  A wyvern (D:9)
  3 wraiths
  8 vampire mosquitoes
  3 basilisks
  A human (D:11)
  3 hungry ghosts
  2 acid dragons
  5 soldier ants (Lair:6)
  16 water moccasins
  6 porcupines
  A sky beast (D:13)
  An eye of draining (shapeshifter) (D:13)
  2 black bears (Lair:6)
  15 orc warriors
  2 phantoms
  4 ice beasts
  6 wolves (Lair:6)
  9 ogres
  14 centaurs
  13 crocodiles
  A big kobold (D:11)
  9 bullfrogs
  2 gnoll sergeants
  2 wyvern zombies (D:13)
  7 scorpions
  8 wights
  2 electric eels (Lair:5)
  4 howler monkeys
  6 crimson imps
  2 centaur zombies
  3 bullfrog zombies
  6 jellies
  17 orc wizards
  10 orc priests
  4 centaur skeletons
  5 hounds
  3 bullfrog skeletons
  16 worker ants
  A killer bee zombie (D:10)
  A hound skeleton (D:6)
  A worker ant zombie (D:5)
  10 gnolls
  23 adders
  3 shadow imps
  2 oozes
  An adder zombie (D:6)
  5 worms
  An adder skeleton (D:10)
  3 dart slugs
  6 leopard geckos
  52 orcs
  16 bats
  3 giant cockroaches
  9 goblins
  8 hobgoblins
  22 jackals
  7 quokkas
  3 frilled lizards (D:1)
  23 kobolds
  7 rats
596 creatures vanquished.

Vanquished Creatures (collateral kills)
  A hydra (Lair:6)
1 creature vanquished.

Vanquished Creatures (others)
  An orc wizard (D:4)
  An orc (D:3)
  5 fungi
  5 plants (Lair:6)
  16 toadstools (D:2)
28 creatures vanquished.

Grand Total: 625 creatures vanquished

Notes
Turn   | Place    | Note
-------+----------+-------------------------------------------
     0 | D:1      | tsouns the Demonspawn Assassin began the quest for the Orb.
     0 | D:1      | Reached XP level 1. HP: 16/16 MP: 1/1
    90 | D:1      | Gained mutation: You have sharp fingernails. [demonic ancestry]
    90 | D:1      | Reached XP level 2. HP: 17/22 MP: 2/2
   317 | D:1      | Reached skill level 1 in Unarmed Combat
   686 | D:1      | Reached XP level 3. HP: 25/27 MP: 3/3
  1024 | D:1      | Reached skill level 2 in Unarmed Combat
  1152 | D:1      | Found a hazy altar of Hepliaklqana.
  1154 | D:1      | Found a shimmering altar of Xom.
  1154 | D:1      | Found a hide-covered altar of Uskayaw.
  1166 | D:1      | Found a radiant altar of Vehumet.
  1166 | D:1      | Found a shimmering altar of Xom.
  1166 | D:1      | Found a hide-covered altar of Uskayaw.
  1734 | D:2      | Gained mutation: You have very sharp fingernails. [demonic ancestry]
  1734 | D:2      | Reached XP level 4. HP: 23/33 MP: 4/4
  1961 | D:2      | Found a blossoming altar of Fedhas.
  1981 | D:2      | Noticed an oklob plant
  2047 | D:2      | Reached skill level 3 in Unarmed Combat
  2067 | D:2      | Noticed an ogre
  2081 | D:2      | Killed an ogre
  2081 | D:2      | Reached skill level 4 in Unarmed Combat
  2081 | D:2      | Gained mutation: You are slightly more attuned to the shadows. [demonic ancestry]
  2081 | D:2      | Reached XP level 5. HP: 38/38 MP: 5/5
  2626 | D:3      | Noticed anything's ghost (weakling OgWz)
  2680 | D:3      | Noticed an ice beast
  2700 | D:3      | Killed an ice beast
  2700 | D:3      | Reached skill level 5 in Unarmed Combat
  2700 | D:3      | Reached XP level 6. HP: 35/44 MP: 6/6
  3576 | D:4      | Reached skill level 6 in Unarmed Combat
  3743 | D:4      | Found a bloodstained altar of Trog.
  3948 | D:4      | Gained mutation: You sometimes gain a little power by taking damage. [demonic ancestry]
  3948 | D:4      | Reached XP level 7. HP: 12/51 MP: 7/7
  4765 | D:5      | Entered Level 5 of the Dungeon
  5709 | D:5      | Reached skill level 7 in Unarmed Combat
  6228 | D:6      | Reached XP level 8. HP: 46/60 MP: 8/8
  6392 | D:6      | Found an ornate altar of the Wu Jian Council.
  6533 | D:6      | Became a worshipper of the Wu Jian Council
  6944 | D:7      | Reached skill level 8 in Unarmed Combat
  7085 | D:7      | Found a sparkling altar of Nemelex Xobeh.
  7085 | D:7      | Found a basalt altar of Yredelemnul.
  7122 | D:7      | Found a staircase to the Ecumenical Temple.
  7187 | D:7      | Noticed a hornet
  7304 | D:7      | Paralysed by a hornet for 3 turns
  7309 | D:7      | Reached skill level 5 in Fighting
  7310 | D:7      | Killed a hornet
  7316 | D:7      | Reached skill level 9 in Unarmed Combat
  7402 | D:7      | Noticed a hippogriff
  7428 | D:7      | Killed a hippogriff
  7467 | D:7      | Gained mutation: You sometimes gain power by taking damage. [demonic ancestry]
  7467 | D:7      | Reached XP level 9. HP: 29/69 MP: 9/9
  7813 | D:7      | Found a sacrificial altar of Ru.
  7972 | D:7      | Got a steaming ring mail
  7983 | D:7      | Identified the +1 ring mail of Too Many Cooks {MR- Dex+4 Slay+6} (You found it on level 7 of the Dungeon)
  8055 | D:8      | Reached * piety under Wu Jian
  8215 | D:8      | You fall through a shaft!
  8377 | D:9      | Noticed a two-headed ogre
  8391 | D:9      | Reached skill level 10 in Unarmed Combat
  8438 | D:9      | Killed a two-headed ogre
  8661 | D:9      | Noticed a two-headed ogre
  8686 | D:9      | Killed a two-headed ogre
  8686 | D:9      | Gained mutation: You resist negative energy. (rN+) [demonic ancestry]
  8686 | D:9      | Reached XP level 10. HP: 82/82 MP: 10/10
  8807 | D:9      | Reached skill level 11 in Unarmed Combat
  8833 | D:9      | Reached ** piety under Wu Jian
  9033 | D:8      | Found a shattered altar of Ashenzari.
  9095 | D:8      | Noticed a two-headed ogre
  9131 | D:8      | Killed a two-headed ogre
  9492 | D:8      | Noticed a gargoyle
  9498 | D:8      | Killed a gargoyle
  9744 | D:9      | Got a smoking buckler
  9751 | D:9      | Reached skill level 10 in Fighting
  9772 | D:9      | Identified the +1 buckler "Weorar" {rF- rC- rCorr Dex+7} (You found it on level 9 of the Dungeon)
 10143 | D:10     | Entered Level 10 of the Dungeon
 10144 | D:10     | Found a snail-covered altar of Cheibriados.
 10177 | D:10     | Found a staircase to the Lair.
 10189 | D:10     | Reached skill level 12 in Unarmed Combat
 10205 | D:10     | Noticed a gargoyle
 10208 | D:10     | Killed a gargoyle
 10208 | D:10     | Gained mutation: You have claws for hands. [demonic ancestry]
 10208 | D:10     | Reached XP level 11. HP: 92/92 MP: 11/11
 10565 | D:10     | Noticed a two-headed ogre
 10576 | D:10     | Killed a two-headed ogre
 11148 | Lair:1   | Entered Level 1 of the Lair of Beasts
 11179 | Lair:1   | Reached skill level 1 in Dodging
 11605 | Lair:1   | Reached *** piety under Wu Jian
 12097 | Lair:2   | Noticed Gastronok
 12107 | Lair:2   | Reached skill level 5 in Stealth
 12314 | Lair:2   | Killed Gastronok
 12314 | Lair:2   | Reached skill level 13 in Unarmed Combat
 12456 | Lair:2   | Noticed Fannar
 12467 | Lair:2   | Killed Fannar
 12667 | Lair:2   | Reached XP level 12. HP: 95/100 MP: 12/12
 12668 | Lair:2   | Noticed Erica
 12675 | Lair:2   | Killed Erica
 12679 | Lair:2   | Learned a level 1 spell: Animate Skeleton
 12682 | Lair:2   | Learned a level 2 spell: Call Imp
 12795 | Lair:2   | Reached skill level 5 in Dodging
 13783 | Lair:3   | Found a staircase to the Swamp.
 14641 | Lair:3   | Reached skill level 1 in Evocations
 14930 | Lair:4   | Reached **** piety under Wu Jian
 15051 | Lair:4   | Noticed a five-headed hydra
 15056 | Lair:4   | Killed a five-headed hydra
 15100 | Lair:4   | Noticed a seven-headed hydra
 15106 | Lair:4   | Killed a ten-headed hydra
 15389 | Lair:4   | Found a hole to the Spider Nest.
 15397 | Lair:4   | Reached skill level 14 in Unarmed Combat
 16241 | Lair:5   | Reached skill level 1 in Spellcasting
 16553 | Lair:5   | Gained mutation: You are somewhat able to resist unholy torments (1 in 2 success). [demonic ancestry]
 16553 | Lair:5   | Reached XP level 13. HP: 95/106 MP: 16/16
 16870 | Lair:6   | Entered Level 6 of the Lair of Beasts
 16890 | Lair:6   | Noticed an entropy weaver
 17332 | Lair:6   | Killed an entropy weaver
 17332 | Lair:6   | Reached skill level 5 in Evocations
 17557 | Lair:6   | HP: 4/106 [death yak (17)]
 18043 | Lair:6   | Found a staircase to the Slime Pits.
 18151 | Lair:6   | Reached ***** piety under Wu Jian
 18194 | Lair:6   | Noticed an entropy weaver
 18198 | Lair:6   | Killed an entropy weaver
 18977 | Lair:6   | Reached skill level 5 in Spellcasting
 19440 | Lair:6   | Reached skill level 15 in Unarmed Combat
 20199 | D:11     | Noticed Psyche
 20206 | D:11     | Killed Psyche
 20266 | D:11     | Reached XP level 14. HP: 106/113 MP: 22/22
 20400 | D:11     | Found a staircase to the Orcish Mines.
 20442 | D:11     | Found Asmaopn's Antique Armour Boutique.
 20447 | D:11     | Bought a translucent ring mail for 261 gold pieces
 20457 | D:11     | Identified the +3 ring mail of the Swan {rElec MR+ rCorr Int+2} (You bought it in a shop on level 11 of the Dungeon)
 20535 | D:11     | Found a roughly hewn altar of Beogh.
 21044 | D:11     | Found the +7 Singing Sword
 21704 | D:12     | Reached ****** piety under Wu Jian
 21816 | D:12     | Found a roughly hewn altar of Beogh.
 22166 | D:12     | Noticed Maurice
 23660 | D:12     | Killed Maurice
 24326 | D:13     | Found Egrua's Antique Weapon Emporium.
 24381 | D:13     | Noticed Urug
 24389 | D:13     | Killed Urug
 25077 | D:13     | Found a gate to the Vaults.
 25393 | D:14     | Learned a level 5 spell: Blade Hands
 25395 | D:14     | Learned a level 1 spell: Beastly Appendage
 25438 | D:14     | Reached skill level 16 in Unarmed Combat
 25466 | D:14     | Reached skill level 1 in Transmutations
 26071 | D:14     | Found a portal to a secret trove of treasure.
 26227 | D:14     | Reached XP level 15. HP: 57/121 MP: 23/23
 26265 | D:14     | Slain by a white ugly thing

Vault maps used:
D:1:      scummos_arrival_forest, doesnt_xom_only_xom
D:2:      tgw_fedhas
D:3:      grunt_ministairs_12
D:4:      old_standard_altar, first_bread
D:6:      lemuel_round_altar
D:7:      nicolae_ru_sacrificial_ziggurat, gammafunk_temple_overflow_elements,
          temple_green, hangedman_decor_riveting
D:8:      ashenzari_altar_1
D:10:     lair_entry_dummy, basic_altar
D:11:     old_forge, minmay_orc_entry_temple_small, serial_shops,
          kennysheep_little_box, hangedman_stone_soup, uniq_psyche
D:12:     uniq_maurice
D:13:     david_vaults_4, serial_shops, kennysheep_mini_moat, uniq_urug
D:14:     nicolae_trove_entry_crystal, portal_ice_cave_demonic_guard,
          small_statue_intersection
Lair:1:   lemuel_fruit_tree
Lair:2:   uniq_gastronok, uniq_fannar, uniq_erica
Lair:3:   minmay_swamp_entry_worms, grunt_megastairs_1
Lair:4:   spider_nest_entry_funnel_web
Lair:5:   nicolae_quartered_pool_super, infiniplex_staircase_pool_2,
          serial_bayou_shore_b
Lair:6:   grunt_lair_end_beastmaster, minmay_slime_entry_pillars,
          wad_woods_antlair

Skill      XL: |  1  2  3  4  5  6  7  8  9 10 11 12 13 14 |
---------------+-------------------------------------------+-----
Short Blades   | 2 |  2.1
Unarmed Combat | 1 2 4 5 6 7 9 10 12 13 14 15 16 | 16.1
Fighting       | 4 5 8 10 11 12 | 12.2
Dodging        | 4 7 8 |  8.8
Stealth        | 6 |  6.5
Evocations     | 4 7 9 |  9.0
Spellcasting   | 1 5 |  5.6
Transmutations | 2 |  2.2
Throwing       | |  1.7

Action                   |  1- 3 |  4- 6 |  7- 9 | 10-12 | 13-15 || total
-------------------------+-------+-------+-------+-------+-------++-------
Melee: Dagger            |   113 |    19 |    54 |       |       ||   186
       Punch             |     2 |     4 |    10 |    34 |    80 ||   130
       Unarmed           |       |   132 |   218 |   421 |   827 ||  1598
 Fire: Blowgun           |       |     6 |    21 |     7 |       ||    34
 Cast: Animate Skeleton  |       |       |       |       |     3 ||     3
Invok: Serpent's Lash    |       |       |       |     1 |     1 ||     2
 Abil: Evoke Berserk Rag |       |       |       |       |     1 ||     1
Evoke: Wand              |       |       |     3 |     7 |    23 ||    33
  Use: Scroll            |     6 |     4 |    10 |     7 |     7 ||    34
       Potion            |       |     4 |     1 |       |     2 ||     7
 Stab: Sleeping          |    16 |     4 |    15 |    28 |    18 ||    81
       Invisible         |       |     1 |       |       |       ||     1
       Distracted        |       |       |       |     3 |     4 ||     7
       Paralysed         |       |       |       |     3 |     2 ||     5
  Eat: Bread ration      |     1 |       |       |       |     2 ||     3
       Chunk             |       |     5 |    13 |     9 |     6 ||    33
       Royal jelly       |       |       |     1 |     5 |     6 ||    12
       Fruit             |       |       |       |    10 |    12 ||    22
Armor: Robe              |    29 |    24 |    44 |       |       ||    97
       Ring mail         |       |       |     8 |    70 |   174 ||   252
Dodge: Dodged            |    67 |    72 |   118 |   157 |   430 ||   844

Table legend:
 A = Spawn XP
 B = Non-spawn XP
 C = Spawn XP percentage of total XP
 D = Spawn monster count
 E = Non-spawn monster count
 F = Spawn count percentage of total count
 G = Total turns spent on level
                    A         B        C        D         E        F      G
               +---------+---------+-------+---------+---------+-------+---------
         Total |       0 |  102904 |   0.0 |       0 |     598 |   0.0 | 26265
               +---------+---------+-------+---------+---------+-------+---------
           D:1 |       0 |      61 |   0.0 |       0 |      35 |   0.0 |  1625
           D:2 |       0 |     242 |   0.0 |       0 |      24 |   0.0 |  1214
           D:3 |       0 |     297 |   0.0 |       0 |      22 |   0.0 |   974
           D:4 |       0 |     236 |   0.0 |       0 |      17 |   0.0 |  1350
           D:5 |       0 |     411 |   0.0 |       0 |      13 |   0.0 |   914
           D:6 |       0 |     466 |   0.0 |       0 |      23 |   0.0 |   832
           D:7 |       0 |    1259 |   0.0 |       0 |      25 |   0.0 |  1074
           D:8 |       0 |    1448 |   0.0 |       0 |       7 |   0.0 |   891
           D:9 |       0 |    5861 |   0.0 |       0 |      44 |   0.0 |  1540
          D:10 |       0 |    3156 |   0.0 |       0 |      32 |   0.0 |   746
          D:11 |       0 |    5003 |   0.0 |       0 |      68 |   0.0 |  1571
          D:12 |       0 |   17731 |   0.0 |       0 |      75 |   0.0 |  1929
          D:13 |       0 |    8906 |   0.0 |       0 |      32 |   0.0 |  1770
          D:14 |       0 |    9004 |   0.0 |       0 |      29 |   0.0 |   818
        Lair:1 |       0 |    4120 |   0.0 |       0 |      18 |   0.0 |   968
        Lair:2 |       0 |    6588 |   0.0 |       0 |      12 |   0.0 |  1626
        Lair:3 |       0 |    5555 |   0.0 |       0 |      26 |   0.0 |  1224
        Lair:4 |       0 |    5377 |   0.0 |       0 |      15 |   0.0 |  1027
        Lair:5 |       0 |    3702 |   0.0 |       0 |      16 |   0.0 |  1768
        Lair:6 |       0 |   23481 |   0.0 |       0 |      65 |   0.0 |  2404
               +---------+---------+-------+---------+---------+-------+---------
